 Dungeon Crawl Stone Soup version 0.30-a0-145-g03d90e2e6d (webtiles) character file.

Game seed: 17844063592362736513

12975 qw the Blocker (level 12, -1/73 HPs)
             Began as a Gargoyle Fighter on Sept 26, 2022.
             Was a Believer of Okawaru.
             Slain by Erica
             ... wielding a +3 scimitar of flaming
              (2 damage)
             ... on level 1 of the Lair of Beasts.
             The game lasted 00:04:37 (12615 turns).

qw the Blocker (Gargoyle Fighter)                  Turns: 12615, Time: 00:04:38

Health: -1/73      AC: 29    Str: 24    XL:     12   Next: 1%
Magic:  13/14      EV: 11    Int: 13    God:    Okawaru [**....]
Gold:   93         SH: 23    Dex:  9    Spells: 11/11 levels left

rFire   . . .      SeeInvis .    Y - +2 war axe (venom)
rCold   . . .      Faith    .    t - +0 tower shield
rNeg    + . .      Spirit   .    u - +0 plate armour
rPois   inf        Reflect  +    g - +1 helmet {Int+3}
rElec   +          Harm     .    (no cloak)
rCorr   +          Rampage  .    (no gloves)
Will    .....                    k - +2 pair of boots
Stlth   ..........               c - amulet of reflection
HPRegen 0.22/turn                p - +4 ring of evasion
MPRegen 0.14/turn                h - ring of resist corrosion

@: heroic, marked
A: sickness immunity, AC +8, negative energy resistance 1, electricity
resistance, torment resistance 1, petrification resistance
a: Renounce Religion, Heroism


You were on level 1 of the Lair of Beasts.
You worshipped Okawaru.
Okawaru was pleased with you.
You visited 2 branches of the dungeon, and saw 10 of its levels.
You also visited: Ossuary.

You collected 746 gold pieces.
You spent 653 gold pieces at shops.


Innate Abilities, Weirdness & Mutations

You are immune to sickness and miasma.
Your stone body is resilient. (AC +8)
You are immune to poison.
You resist negative energy. (rN+)
You are resistant to electric shocks. (rElec)
You are resistant to unholy torment.
You are immune to petrification.


   Skills:
 - Level 8.0(13.0) Fighting
 - Level 11.0(16.0) Axes
 - Level 3.1(8.1) Throwing
 - Level 6.3(11.3) Armour
 - Level 2.1(7.1) Dodging
 + Level 12.4(17.4) Shields
 + Level 3.6 Invocations


You had 11 spell levels left.
You didn't know any spells.
Your spell library was empty.

Inventory:

Hand Weapons
 b - a +2 eveningstar of draining
 Y - a +2 war axe of venom (weapon)
Missiles
 r - 7 boomerangs (quivered)
Armour
 g - a +1 helmet of intelligence (worn)
 k - a +2 pair of boots (worn)
 t - a +0 tower shield (worn)
 u - a +0 plate armour (worn)
Jewellery
 c - an amulet of reflection (around neck)
 h - a ring of resist corrosion (right hand)
 p - a +4 ring of evasion (left hand)
 v - a ring of positive energy
Scrolls
 a - 7 scrolls of identify
Potions
 d - 3 potions of might
 e - 3 potions of haste
 f - 3 potions of attraction
 j - 2 potions of cancellation
 n - 3 potions of lignification
 o - 2 potions of resistance
 q - 5 potions of curing
 s - a potion of mutation

Dungeon Overview and Level Annotations

Branches:
Dungeon (9/15)             Temple (0/1) D:5            Lair (1/5) D:8
    Orc (0/2) D:9         Ossuary (visited)

Altars:
Dithmenos
Elyvilon
Kikubaaqudgha
Makhleb
Nemelex Xobeh
Okawaru
Sif Muna
Vehumet
Wu Jian
The Shining One

Shops:
D:3 :   D:7 =   D:9 !

Annotations:
D:5 1 runed translucent door
Lair:1 Erica, Urug


Message History

Something burns you!
You slash the yak!
The yak looks as sick as possible!
The yak is almost dead.
You barely miss something. You closely miss Urug.
You kill the yak!
Okawaru accepts your kill. You block Urug's attack.
You hear some strange, mumbled words.
A bolt of poison appears from out of thin air!
The bolt of poison misses you.
You have reached level 12!
You feel stronger.
You closely miss Urug. You closely miss something. You block Urug's attack.
You hear some strange, mumbled words.
A bolt of poison appears from out of thin air!
The bolt of poison misses you.
You slice Urug!!
Urug looks as sick as possible!
Urug is moderately wounded.
You hit something. You block Urug's attack. Something hits you.
Something burns you.
You barely miss Urug.
Urug is moderately wounded.
You closely miss something. You hit Urug.
Urug is heavily wounded.
You closely miss something. You block Urug's attack.
You block something's attack.
You slash Urug!
Urug looks as sick as possible!
Urug is severely wounded.
You slash something! Urug hits you with a +3 eveningstar! Something hits you.
Something burns you.
You closely miss Urug.
Urug is severely wounded.
You hit something. Urug hits you but does no damage. Something hits you.
Something burns you.
You closely miss Urug.
Urug is severely wounded.
You slash something! You block Urug's attack. Something hits you.
Something burns you.
You die...

...######...P# .#
##....# #
#####....## #.
##..#......# #..
#.....+...P# +...
#.%####...## #....
##.## ....#
.....Y##...###.>..#
.....Y{@.........##
......o%.........#
.................#
.................
.................
.#...............
......##.#.P####.
...... ###..#


You could see Urug (extremely poisoned) and 2 yaks.

Vanquished Creatures
  3 centaur warriors (D:9)
  A catoblepas (D:9)
  A two-headed ogre (D:9)
  An ugly thing (D:9)
  A manticore (D:9)
  A black mamba (Lair:1)
  A cane toad (Lair:1)
  2 komodo dragons
  A rime drake (Lair:1)
  2 slime creatures (D:9)
  14 yaks
  A vampire mosquito (D:9)
  5 water moccasins
  7 orc warriors
  3 ice beasts
  A sky beast (D:8)
  A black bear (D:7)
  9 ogres
  5 centaurs
  2 phantoms
  A kobold brigand (D:9)
  11 bullfrogs
  An elf zombie (Ossuary)
  2 scorpions
  3 killer bees (D:8)
  5 howler monkeys (D:9)
  A lava snake (D:9)
  2 human zombies
  A centaur zombie (Ossuary)
  3 gnoll boudas (D:7)
  9 orc priests
  2 hounds
  2 jellies
  2 iguanas (D:6)
  8 orc wizards
  2 hound zombies (Ossuary)
  3 mummies (Ossuary)
  8 adders
  7 gnolls
  A white imp (D:5)
  3 adder zombies (Ossuary)
  4 dart slugs
  39 orcs
  4 endoplasms
  3 giant cockroaches
  6 gnoll zombies (Ossuary)
  9 goblins
  9 hobgoblins
  8 kobolds
  2 quokkas
  5 ball pythons
  7 bats
  2 frilled lizards
  3 goblin zombies (Ossuary)
  4 hobgoblin zombies (Ossuary)
  5 jackal zombies (Ossuary)
  3 kobold zombies (Ossuary)
  2 orc zombies
  4 quokka zombies (Ossuary)
  8 rats
  3 rat zombies
269 creatures vanquished.

Vanquished Creatures (others)
  17 fungi
  17 plants
34 creatures vanquished.

Grand Total: 303 creatures vanquished

Notes
Turn   | Place    | Note
-------+----------+-------------------------------------------
     0 | D:1      | qw the Gargoyle Fighter began the quest for the Orb.
     0 | D:1      | Reached XP level 1. HP: 14/14 MP: 1/1
     0 | D:1      | 0 ||| qw: Version: 0.2-a-10-g399e6c4
     0 | D:1      | 0 ||| qw: Game counter: 519
     0 | D:1      | 0 ||| qw: Always use a shield: true
     0 | D:1      | 0 ||| qw: God list: Okawaru
     0 | D:1      | 0 ||| qw: Allow faded altars: false
     0 | D:1      | 0 ||| qw: Do Orc after D:15 true
     0 | D:1      | 0 ||| qw: Do second Lair branch before Depths: true
     0 | D:1      | 0 ||| qw: Lair rune preference: random
     0 | D:1      | 0 ||| qw: Plans: Normal, Zot:1-4, God:TSO, Crypt, Tomb,
                  | Pan, Slime:5, Hells, Abyss, Orb
     0 | D:1      | 0 ||| PLANNING D:1-11
    81 | D:1      | 81 ||| Stepping ~*~*~tactically~*~*~ (stealth).
    87 | D:1      | 87 ||| Stepping ~*~*~tactically~*~*~ (stealth).
    94 | D:1      | 94 ||| Stepping ~*~*~tactically~*~*~ (stealth).
   259 | D:1      | Reached XP level 2. HP: 17/19 MP: 2/2
   459 | D:1      | 459 ||| DROPPING +0 club.
   724 | D:1      | 724 ||| READING 2 scrolls labelled DAENES IPPAGH.
   725 | D:1      | 725 ||| READING scroll labelled ECEYME VYXU.
   729 | D:1      | 729 ||| DRINKING 2 viscous ruby potions.
   816 | D:2      | 816 ||| Stepping ~*~*~tactically~*~*~ (stealth).
   819 | D:2      | 819 ||| Stepping ~*~*~tactically~*~*~ (stealth).
   821 | D:2      | Reached skill level 3 in Axes
   936 | D:2      | Found a faded altar of an unknown god.
   983 | D:2      | 983 ||| Stepping ~*~*~tactically~*~*~ (hiding).
   986 | D:2      | 986 ||| Stepping ~*~*~tactically~*~*~ (hiding).
   998 | D:2      | Reached XP level 3. HP: 23/23 MP: 3/3
  1209 | D:2      | 1209 ||| DROPPING +0 mace.
  1721 | D:2      | Reached skill level 1 in Throwing
  1721 | D:2      | Reached XP level 4. HP: 25/28 MP: 4/4
  1799 | D:2      | 1799 ||| UPGRADING to ring of resist corrosion.
  1800 | D:2      | 1800 ||| READING scroll labelled WAMOBY ESCHERPHACZIRPH.
  1801 | D:2      | 1801 ||| DRINKING 2 inky potions.
  1802 | D:2      | 1802 ||| DRINKING 2 bubbling inky potions.
  1803 | D:2      | 1803 ||| DROPPING potion of flight.
  2016 | D:3      | Found a sparkling altar of Nemelex Xobeh.
  2191 | D:3      | Found a shadowy altar of Dithmenos.
  2241 | D:3      | Found Gimeigow's Book Shoppe.
  2538 | D:3      | 2538 ||| READING scroll labelled OCIRECAKOX.
  2539 | D:3      | 2539 ||| DRINKING 2 black potions.
  2609 | D:4      | Reached XP level 5. HP: 31/32 MP: 5/5
  2754 | D:4      | Noticed a phantom
  2768 | D:4      | Killed a phantom
  2929 | D:4      | 2929 ||| Stepping ~*~*~tactically~*~*~ (hiding).
  2954 | D:4      | 2954 ||| DRINKING potion of curing.
  2954 | D:4      | 2954 ||| (to cure confusion)
  2970 | D:4      | HP: 7/32 [something (3)]
  2971 | D:4      | 2971 ||| READING 2 scrolls of teleportation.
  2972 | D:4      | HP: 3/32 [something/puff of flame (4)]
  3074 | D:4      | 3074 ||| Invisible monster not found???
  3347 | D:4      | 3347 ||| Stepping ~*~*~tactically~*~*~ (hiding).
  3354 | D:4      | Reached XP level 6. HP: 38/38 MP: 6/6
  3529 | D:4      | Reached skill level 1 in Dodging
  3824 | D:4      | 3824 ||| UPGRADING to +0 pair of boots.
  3829 | D:4      | 3829 ||| UPGRADING to ring of positive energy.
  3830 | D:4      | 3830 ||| READING 2 scrolls labelled TAZIYG ERYNNOD.
  3831 | D:4      | 3831 ||| READING scroll of brand weapon.
  3831 | D:4      | 3831 ||| BRANDING +0 war axe of protection.
  3832 | D:4      | 3832 ||| READING scroll labelled DISCHOSHR IJIAT.
  3833 | D:4      | 3833 ||| READING scroll labelled UGYLEG VONELIU.
  3834 | D:4      | 3834 ||| DRINKING 2 purple potions.
  3835 | D:4      | 3835 ||| DRINKING 2 blue potions.
  3836 | D:4      | 3836 ||| READING 3 scrolls of identify.
  3836 | D:4      | 3836 ||| IDENTIFYING clear potion
  3837 | D:4      | 3837 ||| DROPPING potion of brilliance.
  3853 | D:5      | Entered Level 5 of the Dungeon
  4018 | D:5      | Found a runed translucent door.
  4018 | D:5      | Noticed a human
  4118 | D:5      | 4118 ||| READING scroll of teleportation.
  4128 | D:5      | Reached XP level 7. HP: 40/43 MP: 7/7
  4154 | D:5      | Reached skill level 6 in Axes
  4371 | D:5      | Found a staircase to the Ecumenical Temple.
  4424 | D:5      | Found an ancient bone altar of Kikubaaqudgha.
  4726 | D:5      | 4726 ||| READING scroll of enchant armour.
  4726 | D:5      | 4726 ||| ENCHANTING +0 pair of boots.
  4834 | D:5      | 4834 ||| Stepping ~*~*~tactically~*~*~ (stealth).
  4844 | D:5      | 4844 ||| Stepping ~*~*~tactically~*~*~ (stealth).
  5265 | D:5      | 5265 ||| READING scroll labelled JALENT KIRPHIWK.
  5321 | D:5      | 5321 ||| READING 2 scrolls of identify.
  5321 | D:5      | 5321 ||| IDENTIFYING emerald potion
  5326 | D:6      | 5326 ||| PLANNING OSSUARY
  5350 | D:6      | 5350 ||| Stepping ~*~*~tactically~*~*~ (stealth).
  5383 | D:6      | Reached XP level 8. HP: 40/49 MP: 8/8
  5729 | D:6      | 5729 ||| Stepping ~*~*~tactically~*~*~ (hiding).
  5730 | D:6      | 5730 ||| Stepping ~*~*~tactically~*~*~ (hiding).
  5734 | D:6      | 5734 ||| Stepping ~*~*~tactically~*~*~ (hiding).
  5789 | D:6      | 5789 ||| Stepping ~*~*~tactically~*~*~ (stealth).
  5882 | D:6      | 5882 ||| Stepping ~*~*~tactically~*~*~ (stealth).
  5883 | D:6      | Found a sand-covered staircase.
  5884 | D:6      | 5884 ||| FLEEEEING.
  5890 | D:6      | 5890 ||| FLEEEEING.
  5891 | D:6      | 5891 ||| FLEEEEING.
  5892 | D:6      | 5892 ||| FLEEEEING.
  5893 | D:6      | 5893 ||| FLEEEEING.
  5894 | D:6      | 5894 ||| FLEEEEING.
  5895 | D:6      | 5895 ||| FLEEEEING.
  5896 | D:6      | 5896 ||| FLEEEEING.
  5897 | D:6      | 5897 ||| FLEEEEING.
  5907 | D:6      | 5907 ||| READING 3 scrolls of identify.
  5907 | D:6      | 5907 ||| IDENTIFYING murky sapphire potion
  5908 | D:6      | 5908 ||| READING 2 scrolls of identify.
  5908 | D:6      | 5908 ||| IDENTIFYING bubbling red potion
  5909 | D:6      | 5909 ||| DROPPING potion of ambrosia.
  5910 | D:6      | 5910 ||| FLEEEEING.
  5911 | D:6      | 5911 ||| FLEEEEING.
  5912 | D:6      | 5912 ||| FLEEEEING.
  5915 | D:6      | 5915 ||| STAIRDANCE
  5952 | Ossuary  | Entered an ossuary
  5960 | Ossuary  | 5960 ||| Stepping ~*~*~tactically~*~*~ (stealth).
  5978 | Ossuary  | 5978 ||| Stepping ~*~*~tactically~*~*~ (stealth).
  6004 | Ossuary  | 6004 ||| Stepping ~*~*~tactically~*~*~ (stealth).
  6062 | Ossuary  | 6062 ||| Stepping ~*~*~tactically~*~*~ (stealth).
  6063 | Ossuary  | 6063 ||| Stepping ~*~*~tactically~*~*~ (stealth).
  6065 | Ossuary  | 6065 ||| Stepping ~*~*~tactically~*~*~ (stealth).
  6067 | Ossuary  | 6067 ||| Stepping ~*~*~tactically~*~*~ (stealth).
  6083 | Ossuary  | Reached skill level 6 in Fighting
  6279 | Ossuary  | 6279 ||| Stepping ~*~*~tactically~*~*~ (stealth).
  6338 | Ossuary  | 6338 ||| Stepping ~*~*~tactically~*~*~ (stealth).
  6356 | Ossuary  | 6356 ||| Stepping ~*~*~tactically~*~*~ (stealth).
  6368 | Ossuary  | 6368 ||| Stepping ~*~*~tactically~*~*~ (stealth).
  6397 | Ossuary  | 6397 ||| READING 2 scrolls labelled DEUCIO TABLERO.
  6398 | Ossuary  | 6398 ||| READING 3 scrolls of identify.
  6398 | Ossuary  | 6398 ||| IDENTIFYING fizzy red potion
  6399 | Ossuary  | 6399 ||| READING 2 scrolls of identify.
  6399 | Ossuary  | 6399 ||| IDENTIFYING amethyst potion
  6400 | Ossuary  | 6400 ||| DROPPING potion of degeneration.
  6401 | Ossuary  | 6401 ||| DROPPING potion of invisibility.
  6402 | Ossuary  | 6402 ||| DROPPING scroll of blinking.
  6410 | D:6      | 6410 ||| PLANNING D:1-11
  6759 | D:6      | Reached skill level 9 in Axes
  6759 | D:6      | Reached XP level 9. HP: 55/55 MP: 9/9
  7311 | D:7      | Found a burning altar of Makhleb.
  7363 | D:7      | 7363 ||| Stepping ~*~*~tactically~*~*~ (stealth).
  7374 | D:7      | Reached skill level 4 in Shields
  7776 | D:7      | 7776 ||| Stepping ~*~*~tactically~*~*~ (stealth).
  7778 | D:7      | 7778 ||| Stepping ~*~*~tactically~*~*~ (hiding).
  7791 | D:7      | 7791 ||| Stepping ~*~*~tactically~*~*~ (stealth).
  7796 | D:7      | 7796 ||| Stepping ~*~*~tactically~*~*~ (stealth).
  7835 | D:7      | 7835 ||| Stepping ~*~*~tactically~*~*~ (stealth).
  7857 | D:7      | 7857 ||| Stepping ~*~*~tactically~*~*~ (stealth).
  7858 | D:7      | 7858 ||| Stepping ~*~*~tactically~*~*~ (stealth).
  7859 | D:7      | 7859 ||| Stepping ~*~*~tactically~*~*~ (stealth).
  7878 | D:7      | Found a flagged portal.
  7920 | D:7      | Found Qadaeferr's Jewellery Shoppe.
  7928 | D:7      | 7928 ||| BUYING +4 ring of evasion (432 gold).
  7928 | D:7      | Bought a +4 ring of evasion for 432 gold pieces
  7928 | D:7      | 7928 ||| SHOPLISTING amulet of Nerchol {Spirit Str-5 Int+7
                  | Dex+6} (645 gold, have 14).
  7928 | D:7      | 7928 ||| SHOPLISTING amulet of guardian spirit (360 gold,
                  | have 14).
  7928 | D:7      | 7928 ||| SHOPLISTING brooch of Shielding {Spirit SH+8} (780
                  | gold, have 14).
  7928 | D:7      | 7928 ||| SHOPLISTING ring of fire (300 gold, have 14).
  7928 | D:7      | 7928 ||| SHOPLISTING ring of protection from fire (300
                  | gold, have 14).
  8420 | D:7      | 8420 ||| Stepping ~*~*~tactically~*~*~ (hiding).
  8430 | D:7      | Reached skill level 3 in Throwing
  8430 | D:7      | Reached XP level 10. HP: 46/64 MP: 10/10
  8445 | D:7      | Reached skill level 5 in Shields
  8931 | D:7      | HP: 11/64 [ogre/+0 giant club (9)]
  8932 | D:7      | 8932 ||| READING scroll of teleportation.
  8933 | D:7      | 8933 ||| DRINKING potion of heal wounds.
  9221 | D:7      | 9221 ||| UPGRADING to +0 chain mail.
  9231 | D:7      | 9231 ||| DROPPING +0 scale mail.
  9232 | D:7      | 9232 ||| UPGRADING to +0 plate armour.
  9242 | D:7      | 9242 ||| DROPPING +0 chain mail.
  9243 | D:7      | 9243 ||| UPGRADING to +4 ring of evasion.
  9245 | D:7      | 9245 ||| UPGRADING to ring of resist corrosion.
  9247 | D:7      | 9247 ||| READING scroll labelled INAQA KEOBEI.
  9425 | D:8      | 9425 ||| Stepping ~*~*~tactically~*~*~ (stealth).
  9582 | D:8      | Found a staircase to the Lair.
  9651 | D:8      | Reached skill level 6 in Armour
  9749 | D:8      | Found a shimmering blue altar of Sif Muna.
  9778 | D:8      | Found a glowing golden altar of the Shining One.
 10084 | D:8      | Found a white marble altar of Elyvilon.
 10088 | D:8      | 10088 ||| READING scroll of enchant armour.
 10088 | D:8      | 10088 ||| ENCHANTING +1 pair of boots.
 10095 | D:8      | Found a radiant altar of Vehumet.
 10120 | D:8      | Found an ornate altar of the Wu Jian Council.
 10167 | D:8      | 10167 ||| UPGRADING to +0 tower shield.
 10177 | D:8      | 10177 ||| DROPPING +0 buckler.
 10178 | D:8      | 10178 ||| DROPPING ring of wizardry.
 10179 | D:8      | 10179 ||| READING 2 scrolls labelled XYLI RICIHEH.
 10179 | D:8      | Identified 2 scrolls of acquirement
 10179 | D:8      | 10179 ||| ACQUIRING +2 eveningstar of draining
 10179 | D:8      | Acquired a +2 eveningstar of draining
 10181 | D:8      | 10181 ||| DROPPING +0 morningstar.
 10182 | D:8      | 10182 ||| READING scroll of acquirement.
 10182 | D:8      | 10182 ||| ACQUIRING amulet of reflection
 10182 | D:8      | Acquired an amulet of reflection
 10184 | D:8      | 10184 ||| UPGRADING to amulet of reflection.
 10189 | D:8      | 10189 ||| READING scroll labelled SIXTOXTE JEZUQ.
 10190 | D:8      | 10190 ||| DRINKING 2 red potions.
 10232 | D:9      | 10232 ||| Stepping ~*~*~tactically~*~*~ (hiding).
 10233 | D:9      | 10233 ||| Stepping ~*~*~tactically~*~*~ (hiding).
 10235 | D:9      | Found a staircase to the Orcish Mines.
 10251 | D:9      | Found Degem's Distillery.
 10265 | D:9      | Noticed a two-headed ogre
 10277 | D:9      | Killed a two-headed ogre
 10278 | D:9      | Reached skill level 6 in Shields
 10359 | D:9      | 10359 ||| FLEEEEING.
 10360 | D:9      | 10360 ||| FLEEEEING.
 10361 | D:9      | 10361 ||| FLEEEEING.
 10362 | D:9      | 10362 ||| FLEEEEING.
 10363 | D:9      | 10363 ||| FLEEEEING.
 10364 | D:9      | 10364 ||| FLEEEEING.
 10365 | D:9      | 10365 ||| FLEEEEING.
 10366 | D:9      | 10366 ||| FLEEEEING.
 10374 | D:9      | 10374 ||| STAIRDANCE
 10452 | D:8      | Reached skill level 7 in Shields
 10494 | D:8      | 10494 ||| READING scroll labelled DAELYC HIARIQO.
 10501 | D:9      | 10501 ||| FLEEEEING.
 10502 | D:9      | 10502 ||| FLEEEEING.
 10505 | D:9      | 10505 ||| STAIRDANCE
 10577 | D:9      | 10577 ||| FLEEEEING.
 10578 | D:9      | 10578 ||| FLEEEEING.
 10579 | D:9      | 10579 ||| FLEEEEING.
 10580 | D:9      | 10580 ||| FLEEEEING.
 10581 | D:9      | 10581 ||| FLEEEEING.
 10582 | D:9      | 10582 ||| FLEEEEING.
 10583 | D:9      | 10583 ||| FLEEEEING.
 10584 | D:9      | 10584 ||| FLEEEEING.
 10585 | D:9      | 10585 ||| FLEEEEING.
 10586 | D:9      | 10586 ||| FLEEEEING.
 10587 | D:9      | 10587 ||| FLEEEEING.
 10588 | D:9      | 10588 ||| FLEEEEING.
 10589 | D:9      | 10589 ||| FLEEEEING.
 10590 | D:9      | 10590 ||| FLEEEEING.
 10591 | D:9      | 10591 ||| FLEEEEING.
 10592 | D:9      | 10592 ||| FLEEEEING.
 10593 | D:9      | 10593 ||| FLEEEEING.
 10594 | D:9      | 10594 ||| FLEEEEING.
 10595 | D:9      | 10595 ||| FLEEEEING.
 10596 | D:9      | 10596 ||| FLEEEEING.
 10597 | D:9      | 10597 ||| FLEEEEING.
 10598 | D:9      | 10598 ||| FLEEEEING.
 10600 | D:9      | 10600 ||| FLEEEEING.
 10602 | D:9      | 10602 ||| STAIRDANCE
 10827 | D:9      | 10827 ||| FLEEEEING.
 10828 | D:9      | 10828 ||| FLEEEEING.
 10830 | D:9      | 10830 ||| STAIRDANCE
 10898 | D:9      | Reached XP level 11. HP: 52/68 MP: 11/11
 10977 | D:9      | 10977 ||| Stepping ~*~*~tactically~*~*~ (stealth).
 10977 | D:9      | Noticed a centaur warrior
 10978 | D:9      | 10978 ||| Stepping ~*~*~tactically~*~*~ (stealth).
 10982 | D:9      | Noticed a centaur warrior
 10983 | D:9      | 10983 ||| Stepping ~*~*~tactically~*~*~ (hiding).
 10985 | D:9      | Noticed a manticore
 10986 | D:9      | Noticed a green ugly thing
 10987 | D:9      | Noticed a catoblepas
 10992 | D:9      | Noticed a centaur warrior
 10993 | D:9      | Killed a centaur warrior
 10993 | D:9      | HP: 16/68 [green ugly thing (6)]
 10994 | D:9      | Reached skill level 8 in Shields
 10994 | D:9      | 10994 ||| READING scroll of teleportation.
 10994 | D:9      | Killed a centaur warrior
 10995 | D:9      | Reached skill level 9 in Shields
 10997 | D:9      | 10997 ||| DRINKING 5 potions of curing.
 10997 | D:9      | 10997 ||| (to cure confusion)
 11004 | D:9      | HP: 14/68 [orc warrior/+0 long sword (8)]
 11255 | D:9      | 11255 ||| READING scroll of enchant weapon.
 11255 | D:9      | 11255 ||| ENCHANTING +1 war axe of venom.
 11267 | D:9      | 11267 ||| Stepping ~*~*~tactically~*~*~ (hiding).
 11279 | D:9      | Killed a manticore
 11280 | D:9      | 11280 ||| Stepping ~*~*~tactically~*~*~ (stealth).
 11285 | D:9      | Reached skill level 10 in Shields
 11291 | D:9      | 11291 ||| FLEEEEING.
 11292 | D:9      | 11292 ||| FLEEEEING.
 11294 | D:9      | 11294 ||| Stepping ~*~*~tactically~*~*~ (stealth).
 11297 | D:9      | 11297 ||| FLEEEEING.
 11298 | D:9      | 11298 ||| FLEEEEING.
 11299 | D:9      | 11299 ||| FLEEEEING.
 11300 | D:9      | 11300 ||| FLEEEEING.
 11301 | D:9      | 11301 ||| FLEEEEING.
 11302 | D:9      | 11302 ||| FLEEEEING.
 11303 | D:9      | 11303 ||| FLEEEEING.
 11304 | D:9      | 11304 ||| FLEEEEING.
 11305 | D:9      | 11305 ||| STAIRDANCE
 11406 | D:9      | Identified the +0 robe of Moral Flaws {Str+4 Dex+4 SInv
                  | Stlth-}
 11427 | D:9      | Killed a centaur warrior
 11451 | D:9      | Killed a green ugly thing
 11452 | D:9      | Reached skill level 11 in Shields
 11520 | D:9      | Found an iron altar of Okawaru.
 11521 | D:9      | 11521 ||| PLANNING OKAWARU WORSHIP
 11528 | D:9      | Became a worshipper of Warmaster Okawaru
 11529 | D:9      | 11529 ||| PLANNING D:1-11
 11613 | D:9      | 11613 ||| Stepping ~*~*~tactically~*~*~ (hiding).
 11626 | D:9      | Killed a catoblepas
 12005 | D:9      | 12005 ||| FLEEEEING.
 12006 | D:9      | 12006 ||| FLEEEEING.
 12007 | D:9      | 12007 ||| FLEEEEING.
 12008 | D:9      | 12008 ||| FLEEEEING.
 12009 | D:9      | 12009 ||| FLEEEEING.
 12010 | D:9      | 12010 ||| FLEEEEING.
 12011 | D:9      | 12011 ||| FLEEEEING.
 12012 | D:9      | 12012 ||| FLEEEEING.
 12014 | D:9      | 12014 ||| FLEEEEING.
 12015 | D:9      | 12015 ||| FLEEEEING.
 12016 | D:9      | 12016 ||| FLEEEEING.
 12017 | D:9      | 12017 ||| FLEEEEING.
 12116 | D:9      | 12116 ||| BUYING potion of attraction (39 gold).
 12116 | D:9      | Bought a potion of attraction for 39 gold pieces
 12116 | D:9      | 12116 ||| BUYING potion of attraction (39 gold).
 12116 | D:9      | Bought a potion of attraction for 39 gold pieces
 12116 | D:9      | 12116 ||| BUYING potion of cancellation (104 gold).
 12116 | D:9      | Bought a potion of cancellation for 104 gold pieces
 12116 | D:9      | 12116 ||| BUYING potion of curing (39 gold).
 12116 | D:9      | Bought a potion of curing for 39 gold pieces
 12116 | D:9      | 12116 ||| SHOPLISTING potion of heal wounds (65 gold, have
                  | 27).
 12116 | D:9      | 12116 ||| SHOPLISTING potion of resistance (130 gold, have
                  | 27).
 12116 | D:9      | 12116 ||| PLANNING LAIR
 12116 | D:9      | 12116 ||| UPGRADING to +1 helmet of intelligence.
 12206 | Lair:1   | Entered Level 1 of the Lair of Beasts
 12223 | Lair:1   | Reached * piety under Okawaru
 12251 | Lair:1   | 12251 ||| Stepping ~*~*~tactically~*~*~ (stealth).
 12262 | Lair:1   | 12262 ||| Stepping ~*~*~tactically~*~*~ (stealth).
 12263 | Lair:1   | 12263 ||| Stepping ~*~*~tactically~*~*~ (stealth).
 12279 | Lair:1   | 12279 ||| Stepping ~*~*~tactically~*~*~ (stealth).
 12284 | Lair:1   | 12284 ||| INVOKING Heroism.
 12296 | Lair:1   | Reached skill level 1 in Invocations
 12329 | Lair:1   | 12329 ||| Stepping ~*~*~tactically~*~*~ (stealth).
 12331 | Lair:1   | 12331 ||| Stepping ~*~*~tactically~*~*~ (stealth).
 12333 | Lair:1   | 12333 ||| Stepping ~*~*~tactically~*~*~ (stealth).
 12335 | Lair:1   | 12335 ||| Stepping ~*~*~tactically~*~*~ (hiding).
 12341 | Lair:1   | Reached skill level 12 in Shields
 12350 | Lair:1   | 12350 ||| INVOKING Heroism.
 12395 | Lair:1   | 12395 ||| Stepping ~*~*~tactically~*~*~ (stealth).
 12399 | Lair:1   | 12399 ||| Stepping ~*~*~tactically~*~*~ (stealth).
 12482 | Lair:1   | Found the +8 trident of the Octopus King {venom, rElec
                  | rPois}
 12510 | Lair:1   | 12510 ||| INVOKING Heroism.
 12551 | Lair:1   | 12551 ||| Stepping ~*~*~tactically~*~*~ (stealth).
 12563 | Lair:1   | Reached skill level 3 in Invocations
 12595 | Lair:1   | Noticed Erica
 12596 | Lair:1   | 12596 ||| INVOKING Heroism.
 12598 | Lair:1   | Noticed Urug
 12608 | Lair:1   | Reached ** piety under Okawaru
 12609 | Lair:1   | Reached XP level 12. HP: 33/73 MP: 12/14
 12613 | Lair:1   | HP: 18/73 [Urug/+3 eveningstar (10)]
 12614 | Lair:1   | HP: 6/73 [something (3)]
 12615 | Lair:1   | HP: 1/73 [something (5)]
 12615 | Lair:1   | Slain by Erica

Levels and vault maps discovered:
D:1:      beargit_arrival_greenhouse, layout_loops_cross
D:2:      layout_loops_ring, nicolae_ecumenical_lake_church
D:3:      layout_basic, grunt_dithmenos_smoke, mainiacjoe_overflow_alcove_2,
          serial_shops, nicolae_shop_statue_plus
D:4:      layout_basic
D:5:      layout_basic, dk_yredelemnul_ordeal, lemuel_tele_altar,
          minmay_temple_entry_glassed_door
D:6:      layout_layer_cave, enter_ossuary_3
D:7:      kennysheep_seaside_town, layout_basic,
          mainiacjoe_overflow_six_doors_small, enter_bailey_3, serial_shops,
          shop
D:8:      layout_rooms, nzn_wu_jian_council_hall, mainiacjoe_overflow_big_doors,
          jmf_multi_god_temple, grunt_lair_entry_orc_guard_hut
D:9:      minmay_cut_squares, layout_rooms, okawaru_altar_gauntlet_db,
          orc_0_dummy, serial_shops, nicolae_inconvenience_store,
          serial_corexii_hall, chequers_hall_statues_corner_a,
          corexii_hall_statues_t
Lair:1:   layout_regular_city, uniq_urug, uniq_erica

Skill      XL: |  1  2  3  4  5  6  7  8  9 10 11 |
---------------+----------------------------------+-----
Axes           | 2 3 4 5 7 9 10 11 | 11.0
Throwing       | 1 2 3 |  3.1
Fighting       | 4 5 6 8 |  8.0
Dodging        | 1 2 |  2.1
Shields        | 4 7 12 | 12.4
Armour         | 6 |  6.3
Invocations    | 3 |  3.6

Action                   |  1- 3 |  4- 6 |  7- 9 | 10-12 || total
-------------------------+-------+-------+-------+-------++-------
Melee: War axe           |   112 |   150 |   304 |   358 ||   924
Throw: Javelin           |    11 |    17 |    52 |     4 ||    84
       Boomerang         |       |       |    12 |    19 ||    31
Invok: Heroism           |       |       |       |     4 ||     4
  Use: Scroll            |     2 |     9 |     8 |     9 ||    28
       Potion            |     1 |     6 |       |     3 ||    10
 Stab: Petrified         |       |       |       |     8 ||     8
       Petrifying        |       |       |       |     1 ||     1
Armor: Scale mail        |    50 |    93 |   152 |    17 ||   312
       Plate armour      |       |       |       |   178 ||   178
Dodge: Dodged            |    62 |    50 |   110 |   138 ||   360
Block: Buckler           |    21 |    20 |    53 |    34 ||   128
       Tower shield      |       |       |       |   291 ||   291
       Reflection        |       |       |       |    31 ||    31

Table legend:
 A = Non-vault XP
 B = Vault XP
 C = Vault XP percentage of total XP
 D = Non-vault monster count
 E = Vault monster count
 F = Vault count percentage of total count
                 A         B        C        D         E       F
            +---------+---------+-------+---------+---------+-------
      Total |   10224 |    8313 |  44.8 |     179 |      90 |  33.5
            +---------+---------+-------+---------+---------+-------
        D:1 |      27 |       0 |   0.0 |      17 |       0 |   0.0
        D:2 |      64 |       0 |   0.0 |      23 |       0 |   0.0
        D:3 |      67 |       0 |   0.0 |       4 |       0 |   0.0
        D:4 |     349 |       0 |   0.0 |      21 |       0 |   0.0
        D:5 |     481 |      46 |   8.7 |      20 |       1 |   4.8
        D:6 |    1177 |       2 |   0.2 |      20 |       2 |   9.1
        D:7 |    1781 |    1467 |  45.2 |      17 |      26 |  60.5
        D:8 |     909 |    1259 |  58.1 |      14 |       7 |  33.3
        D:9 |    2128 |    5213 |  71.0 |      30 |      15 |  33.3
     Lair:1 |    3241 |       0 |   0.0 |      13 |       0 |   0.0
    Ossuary |       0 |     326 | 100.0 |       0 |      39 | 100.0
            +---------+---------+-------+---------+---------+-------
